 Dungeon Crawl Stone Soup version 0.31.0-32-g396128a36d (webtiles) character file.

Game seed: 4822578577161269223

2595 Dvallin the Martial Artist (level 9, -1/79 HPs)
             Began as a Naga Shapeshifter on Mar 31, 2024.
             Was a Priest of Makhleb.
             Slain by a kobold brigand
             ... wielding a +4 short sword
              (7 damage)
             ... on level 7 of the Dungeon.
             The game lasted 00:23:57 (7895 turns).

Dvallin the Martial Artist (Naga Shapeshifter)      Turns: 7895, Time: 00:23:57

Health: -1/79      AC:  9    Str: 16    XL:     9   Next: 59%
Magic:  20/20      EV: 12    Int: 10    God:    Makhleb [***...]
Gold:   452        SH:  0    Dex: 16    Spells: 8/8 levels left

rFire   . .          .
                       - Unarmed
rCold   . . .        (shield currently unavailable)
rNeg    . . .        a - melded +0 animal skin
rPois   +            (no helmet)
rElec   .            D - +1 cloak
rCorr   .            (no gloves)
SInv    +            w - +0 barding
Will    +....        l - amulet of the acrobat
Stlth   +            u - ring of magical power
HPRegen 0.33/turn    (no ring)
MPRegen 0.17/turn

%: acrobat
@: flux-form, slowed, glowing, studying Long Blades, very slow
A: glow, contaminating, AC +3, large, see invisible, deformed body, poison
resistance, slowness 2, spit poison 1, naga tail 1
a: Spit Poison, Begin Untransformation, Renounce Religion, Minor Destruction,
Lesser Servant of Makhleb


You were on level 7 of the Dungeon.
You worshipped Makhleb.
Makhleb was most pleased with you.
You were something dangerously unstable.
You visited 1 branch of the dungeon, and saw 7 of its levels.
You also visited: Ossuary and Bailey.

You collected 452 gold pieces.

Inventory:

Armour
 a - a +0 animal skin (melded)
 n - a +0 buckler
 w - a +0 barding (worn)
 D - a +1 cloak (worn)
 E - the +4 chain mail of Chimes {rPois Dex+4}
   (You found it on level 5 of the Dungeon)

   Dex+4:     It affects your dexterity (+4).
   rPois:     It protects you from poison
Jewellery
 l - an amulet of the acrobat (around neck)
 u - a ring of magical power (left hand)
 y - a ring of fire
Talismans
 c - a beast talisman
 d - a flux talisman (active)
Wands
 x - a wand of digging (4)
Scrolls
 e - 10 scrolls of identify {unknown}
 f - 2 scrolls of poison {unknown}
 h - a scroll of silence {unknown}
 i - a scroll of brand weapon {unknown}
 j - a scroll of enchant weapon {unknown}
 k - 5 scrolls of vulnerability
 m - a scroll of acquirement {unknown}
 o - 6 scrolls of amnesia
 p - a scroll of fog {unknown}
 r - a scroll of enchant armour {unknown}
 s - a scroll of noise {unknown}
 B - 3 scrolls of blinking
 C - a scroll of immolation {unknown}
 H - 3 scrolls of fear {unknown}
Potions
 b - a potion of lignification
 g - 3 potions of heal wounds {unknown}
 q - a potion of haste {unknown}
 t - 2 potions of attraction
 v - 2 potions of brilliance {unknown}
 z - 7 potions of curing {unknown}
 A - 3 potions of mutation {unknown}
 F - a potion of cancellation {unknown}
 G - a potion of degeneration {unknown}
 I - a potion of might {unknown}
 J - a potion of resistance {unknown}


   Skills:
 + Level 4.6 Fighting
 - Level 1.8 Dodging
 * Level 8.3 Unarmed Combat
 + Level 3.4 Invocations
 + Level 8.2 Shapeshifting


You had 8 spell levels left.
You didn't know any spells.
Your spell library contained the following spells:

 Spells                   Type           Power      Damage    Failure   Level
 Slow                     Hex            0%         N/A       36%         1
 Confusing Touch          Hex            0%         N/A       75%         3
 Hailstorm                Conj/Ice       0%         3d5       75%         3
 Sigil of Binding         Hex            0%         N/A       75%         3
 Summon Ice Beast         Ice/Summ       0%         N/A       75%         3
 Vampiric Draining        Necr           0%         2d6       75%         3
 Summon Blazeheart Golem  Fire/Summ      0%         N/A       98%         4
 Sculpt Simulacrum        Ice/Alch       0%         N/A       100%        6
 Orb of Destruction       Conj           0%         9d5       100%        7
 Spellforged Servitor     Conj/Summ      0%         N/A       100%        7


Dungeon Overview and Level Annotations

Branches:
Dungeon (7/15)             Temple (0/1) D:7         Ossuary (visited)
 Bailey (visited)

Altars:
Gozag
Hepliaklqana
Makhleb
Nemelex Xobeh
Okawaru
Uskayaw


Innate Abilities, Weirdness & Mutations

You are something dangerously unstable.
You glow with magical radiation, making you easy to see and hit.
Foes you strike become dangerously contaminated with magical radiation.
You are incapable of wielding weapons or throwing items.
Your serpentine skin is tough. (AC +3)
You have supernaturally acute eyesight. (SInv)
Armour fits poorly on your strangely shaped body.
Your system is resistant to poisons. (rPois)
You cover ground very slowly.
You can spit poison.
You have a snake-like lower body.


Message History

The zap misses the kobold brigand.
The kobold brigand throws a curare-tipped dart.
The curare-tipped dart hits you.
You are poisoned.
You have difficulty breathing.
You feel yourself slow down.
Aiming: Minor Destruction (3% risk of failure)
Press: ? - help, Shift-Dir - straight line, f/p - kobold brigand
Aim: a kobold brigand, wielding a +4 short sword, wearing a +0 robe and quivering curare-tipped darts (thin mist, lightly wounded)
The stone arrow hits the kobold brigand!
The kobold brigand is severely wounded.
You feel very sick.
The kobold brigand throws a curare-tipped dart.
The curare-tipped dart closely misses you.
You feel very sick.
The kobold brigand throws a curare-tipped dart.
The curare-tipped dart barely misses you.
You feel very sick. The ogre hits you with a +0 giant club.
You feel sick. The ogre closely misses you.
There is a stone staircase leading up here.
You hit the ogre.
The ogre begins to glow.
The ogre is lightly wounded.
You feel sick.
You are no longer poisoned.
You hit the ogre but do no damage.
The ogre glows dangerously bright.
The ogre is lightly wounded.
The ogre hits you with a +0 giant club!!
The kobold brigand closely misses you.
You punch the ogre!
The ogre shudders as magic cascades through it!
The ogre twists and deforms.
The ogre is almost dead.
The kobold brigand barely misses you. The ogre hits you with a +0 giant club!
The kobold brigand misses you.
You hit the ogre.
The ogre begins to glow.
The ogre is almost dead.
The ogre hits you with a +0 giant club!!
* * * LOW HITPOINT WARNING * * *
The kobold brigand hits you with a +4 short sword!
You die...

#.#**#.##.#
##...######*****,
#..,,.....# ##........,* *,
###*##.#### #..######,* *,
#.# #).# *,* *,
#.#****###*##..######.****,
#.,,,,,,..##..........,,,,,
********#.#....#####.,*****
#.##...# *,,*
#.pO...#****,,*
###K..§§~..#,,*
#..~~§§~...#* #.§~§~§~~..#
##~§§>§§~### #§~§~~§~#*
#.~~§~~..* #..§§~...#
*****,,,,,,,*


You could see a kobold brigand and an ogre (contam, misshapen).

Vanquished Creatures
  An orc knight (Bailey)
  Menkaure (D:7)
  5 orc warriors (Bailey)
  An ogre (D:5)
  A kobold brigand (D:7)
  An elf zombie (Ossuary)
  A scorpion (D:4)
  4 wights (D:6)
  2 howler monkeys
  3 human zombies (Ossuary)
  4 centaur zombies (Ossuary)
  7 hounds
  A jelly (D:7)
  2 iguanas
  A sleepcap (D:6)
  3 orc wizards
  3 hound zombies (Ossuary)
  2 mummies (Ossuary)
  5 gnolls
  8 adders
  2 white imps
  2 ufetubi (D:7)
  5 adder zombies (Ossuary)
  2 dart slugs
  A ribbon worm (D:2)
  18 orcs
  2 ball pythons (D:4)
  6 bats
  7 endoplasms
  4 giant cockroaches
  6 gnoll zombies (Ossuary)
  10 goblins
  11 hobgoblins
  4 jackals (D:3)
  23 kobolds
  4 quokkas
  6 frilled lizards
  3 jackal zombies (Ossuary)
  7 kobold zombies (Ossuary)
  5 orc zombies (Ossuary)
  A quokka zombie (D:5)
  5 rats
  A rat zombie (D:5)
191 creatures vanquished.

Notes
Turn   | Place    | Note
-------+----------+-------------------------------------------
     0 | D:1      | Dvallin the Naga Shapeshifter began the quest for the Orb.
     0 | D:1      | Reached XP level 1. HP: 18/18 MP: 1/1
   126 | D:1      | Reached XP level 2. HP: 17/25 MP: 2/2
   669 | D:2      | Reached XP level 3. HP: 27/31 MP: 3/3
   757 | D:2      | Found a faded altar of an unknown god.
  1388 | D:3      | Reached XP level 4. HP: 20/38 MP: 4/4
  2344 | D:3      | Identified the +10 flail of Calamity {venom, rN+}
  2822 | D:4      | Reached XP level 5. HP: 37/44 MP: 5/5
  2872 | D:4      | Reached skill level 5 in Unarmed Combat
  3021 | D:4      | Found a sparkling altar of Nemelex Xobeh.
  3070 | D:4      | Found a burning altar of Makhleb.
  3070 | D:4      | Noticed an Executioner
  3074 | D:4      | Noticed a hellwing
  3074 | D:4      | Noticed a smoke demon
  3076 | D:4      | Became a worshipper of Makhleb the Destroyer
  3179 | D:5      | Entered Level 5 of the Dungeon
  3191 | D:5      | Noticed an ogre
  3201 | D:5      | Killed an ogre
  3202 | D:5      | Reached XP level 6. HP: 28/51 MP: 6/6
  3305 | D:5      | Found a sand-covered staircase.
  3312 | Ossuary  | Entered an ossuary
  3596 | Ossuary  | Reached skill level 5 in Shapeshifting
  3596 | Ossuary  | Reached XP level 7. HP: 34/57 MP: 7/7
  3596 | Ossuary  | Reached * piety under Makhleb
  4191 | D:5      | Found a hazy altar of Hepliaklqana.
  4191 | D:5      | Found an iron altar of Okawaru.
  4327 | D:5      | Found an opulent altar of Gozag.
  4609 | D:5      | Identified the +4 chain mail of Chimes {rPois Dex+4}
  4740 | D:5      | Found a hide-covered altar of Uskayaw.
  4893 | D:5      | Reached XP level 8. HP: 43/64 MP: 8/8
  5482 | D:6      | HP: 2/60 [wight/+4 halberd (3)]
  5488 | D:6      | HP: 3/60 [adder (1)]
  6227 | D:6      | Reached ** piety under Makhleb
  6578 | D:7      | Found a staircase to the Ecumenical Temple.
  6641 | D:7      | Found a flagged portal.
  6643 | D:7      | Noticed Menkaure
  6649 | Bailey   | Entered a bailey
  6854 | Bailey   | Noticed an orc warlord
  6913 | Bailey   | Noticed an orc knight
  6928 | Bailey   | Killed an orc knight
  6929 | Bailey   | Reached XP level 9. HP: 51/78 MP: 10/10
  7227 | Bailey   | Found a runed translucent gate.
  7229 | Bailey   | Found a runed translucent gate.
  7230 | Bailey   | Found a runed translucent gate.
  7387 | Bailey   | HP: 2/78 [orc warlord/+4 battleaxe (19)]
  7403 | D:7      | HP: 3/78 [??? (1)]
  7414 | D:7      | Killed Menkaure
  7799 | D:7      | Reached *** piety under Makhleb
  7895 | D:7      | Slain by a kobold brigand

Illustrated notes

Levels and vault maps discovered:
D:1:      saegor_arrival_simple_c, layout_rooms
D:2:      layout_loops_ring, dilly_ecumenical_altar_fadedgnrine
D:3:      layout_basic, patterned_corridor
D:4:      layout_loops_cross, nemelex_dance_club_becter,
          makhleb_altar_promises_db
D:5:      layout_gridville, nicolae_overflow_crystal_walls,
          mainiacjoe_overflow_six_doors_small, amethyst_overflow_temple_binary,
          enter_ossuary_4, cheibrodos_gnoll_hut
D:6:      corexii_shack_village, layout_basic, minmay_splitting_lines
D:7:      lemuel_slime, layout_loops_corners, marbit_many_paths,
          minmay_temple_entry_mist, enter_bailey_2, uniq_menkaure

Skill      XL: |  1  2  3  4  5  6  7  8  9 |
---------------+----------------------------+-----
Unarmed Combat | 4 5 6 7 8 |  8.3
Shapeshifting  | 4 5 6 7 8 |  8.2
Fighting       | 3 4 |  4.6
Invocations    | 2 3 |  3.4
Dodging        | |  1.8

Action                     |  1- 3 |  4- 6 |  7- 9 || total
---------------------------+-------+-------+-------++-------
  Melee: Unarmed           |    82 |   143 |   370 ||   595
         Punch             |     1 |     6 |     3 ||    10
 Invoke: Minor Destruction |       |       |    20 ||    20
Ability: Spit Poison       |    27 |    19 |    16 ||    62
         Begin Untransform |       |     1 |       ||     1
    Use: Scroll            |       |     2 |     6 ||     8
         Potion            |       |       |     2 ||     2
   Stab: Sleeping          |       |     2 |     1 ||     3
 Armour: Animal skin       |    71 |    87 |    86 ||   244
         Skin              |       |       |   156 ||   156
  Dodge: Dodged            |    43 |    65 |   279 ||   387
   Form: Beast             |       |     2 |       ||     2
         Flux              |       |       |     1 ||     1
